Map: Ruins of Seras

Players

Grumm

  • Race: Protoss Protoss
  • League: Gold

Dadoo - Winner!

  • Race: Terran Terran
  • League: Silver

VOD

Have the link to the VOD?

Description

Time

  • Played on: Feb. 4, 2016, 4:11 p.m.
  • Length: 10:26
Show
View Real Time Build Order
Export as new Build Order

Grumm Protoss 

Build Orders:  

Get SALT Encoding   

  12  0:01  Probe (Chrono Boost)  
  13  0:12  Probe (Chrono Boost)  
  14  0:26  Probe (Chrono Boost)  
  14  0:27  Pylon  
  15  0:38  Assimilator  
  15  0:45  Probe (Chrono Boost)  
  15  0:49  Gateway  
  16  0:56  Probe (Chrono Boost)  
  17  1:06  Probe (Chrono Boost)  
  18  1:17  Probe (Chrono Boost)  
  19  1:24  Pylon  
  19  1:30  Assimilator, Probe (Chrono Boost)  
  20  1:41  Cybernetics Core  
  20  1:46  Gateway  
  20  1:51  Gateway  
  20  1:57  Probe (Chrono Boost)  
  21  2:07  Probe (Chrono Boost)  
  22  2:15  Forge  
  22  2:17  Warp Gate (Chrono Boost)  
  22  2:19  Probe (Chrono Boost)  
  23  2:24  Adept  
  25  2:30  Probe (Chrono Boost)  
  26  2:40  Probe (Chrono Boost), Stalker  
  29  2:50  Protoss Ground Weapons Level 1 (Chrono Boost)  
  30  2:51  Probe  
  30  3:05  Pylon  
  30  3:13  Pylon  
  30  3:18  Pylon  
  30  3:19  Probe  
  31  3:23  Stalker  
  32  3:31  Probe  
  33  3:39  Photon Cannon  
  33  3:43  Photon Cannon  
  33  3:50  Photon Cannon  
  33  3:58  Stalker  
  35  4:11  Probe  
  36  4:24  Robotics Facility  
  36  4:25  Stalker  
  36  4:27  Stalker  
  40  4:39  Probe  
  40  4:41  Pylon  
  41  4:48  Protoss Ground Armor Level 1 (Chrono Boost)  
  41  4:49  Adept  
  43  4:53  Sentry  
  45  5:09  Probe  
  46  5:27  Nexus  
  46  5:33  Pylon  
  45  5:37  Pylon  
  37  6:07  Photon Cannon  
  35  6:30  Photon Cannon  
  35  6:35  Photon Cannon  
  35  6:42  Stalker  
  33  7:11  Probe  
  34  7:17  Gateway  
  34  7:18  Immortal  
  34  7:19  Zealot  
  40  7:27  Pylon  
  40  7:39  Stargate  
  40  7:59  Photon Cannon  
  40  8:04  Nexus  
  36  8:34  Phoenix (Chrono Boost)  
  38  8:49  Stalker x2  
  41  9:18  Probe  
  41  9:19  Probe  
  43  9:28  Probe x2  
  45  9:31  Probe  
  46  9:39  Probe  
  46  9:42  Stalker  
  49  10:05  Stalker x2  
  49  10:06  Stalker  
Show
View Real Time Build Order
Export as new Build Order

Dadoo Terran - Winner!

Build Orders: 1/1/1, Liberator Opening 

Get SALT Encoding   

  12  0:08  SCV  
  13  0:20  SCV  
  14  0:24  Supply Depot  
  14  0:32  SCV  
  15  0:39  Refinery  
  15  0:46  SCV  
  15  0:48  Barracks  
  16  0:55  Refinery  
  16  0:58  SCV  
  17  1:10  SCV  
  18  1:22  SCV  
  19  1:33  Supply Depot  
  19  1:34  SCV  
  19  1:39  Factory  
  20  1:40  Marine  
  20  1:47  SCV  
  22  1:59  SCV  
  22  2:00  Supply Depot  
  23  2:05  Marine  
  24  2:11  SCV  
  25  2:22  Marine  
  25  2:23  SCV  
  25  2:28  Starport  
  27  2:35  SCV  
  28  2:37  Factory Tech Lab  
  28  2:40  Marine  
  29  2:47  SCV  
  30  2:58  Marine  
  30  3:02  Orbital Command  
  30  3:03  Liberator  
  31  3:08  Supply Depot  
  31  3:13  Fusion Core  
  31  3:23  Marine  
  35  3:28  SCV  
  36  3:37  Factory Tech Lab  
  36  3:40  SCV  
  36  3:41  Marine  
  37  3:46  Liberator  
  38  4:00  Marine  
  42  4:04  Advanced Ballistics  
  42  4:05  SCV  
  43  4:13  Supply Depot  
  43  4:17  Siege Tank  
  43  4:18  Marine  
  47  4:40  Command Center  
  47  4:45  SCV  
  48  4:48  Barracks Reactor  
  48  4:58  SCV  
  49  5:04  Barracks  
  49  5:07  Siege Tank  
  49  5:10  SCV  
  53  5:22  SCV  
  54  5:34  SCV  
  55  5:41  Liberator  
  55  5:44  Marine x2  
  55  5:45  Supply Depot, Siege Tank  
  55  5:46  SCV  
  61  5:59  SCV  
  61  6:02  Marine x2  
  67  6:11  SCV  
  65  6:24  Siege Tank  
  68  6:25  Marine  
  68  6:26  Marine  
  68  6:28  SCV  
  72  6:37  Orbital Command  
  72  6:39  Refinery  
  71  6:40  SCV  
  71  6:43  Refinery  
  72  6:50  Marine x2  
  72  6:52  Barracks Reactor  
  74  6:57  Barracks  
  74  6:59  Barracks  
  74  7:07  SCV  
  75  7:08  SCV  
  76  7:36  Marine x2  
  80  7:48  Engineering Bay  
  80  7:49  Barracks Reactor  
  80  7:50  Engineering Bay  
  78  7:54  Starport Reactor  
  78  7:56  Stimpack  
  78  7:57  Marauder  
  80  7:59  Marine x3  
  80  8:00  Marine  
  84  8:23  SCV  
  85  8:33  Marine  
  86  8:41  Marine x3  
  89  8:43  Armory  
  89  8:47  Supply Depot  
  89  8:50  Supply Depot  
  89  8:52  Command Center  
  86  9:33  Medivac x2  
  90  9:40  Marauder, Marine x2  
  90  9:41  Marine x2  
  90  9:42  Marine x2  
  90  9:43  Siege Tank  
  101  9:58  Marine x2  
  101  9:59  Marine x3  
  105  10:00  Marine  
  105  10:02  Marauder  
Tags
 
Add a new tag
Caveats
  • Supply blocks, unpowered buildings, or Contaminate may cause inaccurate times.
  • Supply counts are checked every 10 seconds.